 Dungeon Crawl Stone Soup version 0.30.0-5-g1a98f26d00 (webtiles) character file.

Game seed: 13780098568388830217

35970 Demosthentine the Grand Scion (level 13, -8/102 HPs)
             Began as a Demonspawn Gladiator on May 8, 2023.
             Was a High Priest of Hepliaklqana.
             Mangled by a phantasmal warrior (31 damage)
             ... on level 15 of the Dungeon.
             The game lasted 00:20:14 (16103 turns).

Demosthentine the Grand Scion (DsGl)               Turns: 16103, Time: 00:20:14

Health: -8/102     AC:  9    Str: 17    XL:     13   Next: 50%
Magic:  22/22      EV: 21    Int: 10    God:    Hepliaklqana [*****.]
Gold:   1208       SH:  5    Dex: 23    Spells: 12/12 levels left

rFire   . . .        C - +2 trident (freeze)
rCold   . . .        (no shield)
rNeg    + . .        J - +0 troll leather armour
rPois   .            (helmet unavailable)
rElec   .            (no cloak)
rCorr   .            v - +0 pair of gloves
SInv    .            x - +0 pair of boots
Will    .....        k - amulet of reflection
Stlth   ++           m - +6 ring of dexterity
HPRegen 1.17/turn    E - ring of positive energy
MPRegen 0.18/turn

%: reflection
@: weak-willed
A: reduced essence, horns 3, rugged brown scales 2, demonic guardian 1
a: Renounce Religion, Recall Ancestor, Ancestor Identity, Transference, Idealise


You were on level 15 of the Dungeon.
You worshipped Hepliaklqana.
Hepliaklqana was extremely pleased with you.
You visited 2 branches of the dungeon, and saw 16 of its levels.

You collected 1397 gold pieces.
You spent 189 gold pieces at shops.

Inventory:

Hand Weapons
 a - a +1 trident of venom
 C - a +2 trident of freezing (weapon)
Missiles
 e - a javelin (quivered)
Armour
 b - +0 ice dragon scales
 v - a +0 pair of gloves (worn)
 x - a +0 pair of boots (worn)
 J - a +0 troll leather armour (worn)
Jewellery
 f - the amulet of Karhoru {Regen+ Str+4 Int+2 Stlth-}
   (You took it off an orc on level 8 of the Dungeon)

   [amulet of regeneration]

   Str:       It affects your strength (+4).
   Int:       It affects your intelligence (+2).
   Regen:     It increases your rate of health regeneration.
   Stlth:     It makes you less stealthy.
 k - an amulet of reflection (around neck)
 m - a +6 ring of dexterity (left hand)
 D - a +5 ring of evasion
 E - a ring of positive energy (right hand)
 G - a +6 ring of dexterity
 H - a ring of wizardry
Wands
 g - a wand of polymorph (6)
 u - a wand of acid (17)
 y - a wand of charming (4)
 A - a wand of iceblast (9)
 F - a wand of mindburst (8)
Scrolls
 c - 3 scrolls of summoning
 d - 5 scrolls of fear
 j - 7 scrolls of enchant weapon
 o - 6 scrolls of identify
 q - a scroll of brand weapon
 t - 9 scrolls of teleportation
 z - 2 scrolls of silence
 I - a scroll of fog
Potions
 h - 4 potions of haste
 l - a potion of lignification
 n - 4 potions of curing
 p - 3 potions of flight
 r - a potion of ambrosia
 s - 2 potions of attraction
 w - a potion of heal wounds
 B - a potion of resistance {unknown}


   Skills:
 + Level 12.1 Fighting
 + Level 11.3 Polearms
 - Level 1.7 Throwing
 - Level 6.0 Armour
 + Level 11.3 Dodging
 + Level 12.7 Invocations


You had 12 spell levels left.
You didn't know any spells.
Your spell library contained the following spells:

 Spells                   Type           Power      Damage    Failure   Level
 Necrotise                Necr           0%         1d4       41%         1
 Summon Small Mammal      Summ           0%         N/A       41%         1
 Sublimation of Blood     Necr           0%         N/A       56%         2
 Call Canine Familiar     Summ           0%         N/A       80%         3
 Ignite Poison            Fire/Tmut/Pois 0%         N/A       80%         3
 Inner Flame              Hex/Fire       0%         N/A       80%         3
 Summon Guardian Golem    Hex/Summ       0%         N/A       80%         3
 Vampiric Draining        Necr           0%         2d6       80%         3
 Anguish                  Hex/Necr       0%         N/A       99%         4
 Cause Fear               Hex            0%         N/A       99%         4
 Olgreb's Toxic Radiance  Pois           0%         N/A       99%         4
 Petrify                  Tmut/Erth      0%         N/A       99%         4
 Summon Lightning Spire   Summ/Air       0%         N/A       99%         4
 Agony                    Necr           0%         N/A       100%        5
 Irradiate                Conj/Tmut      0%         3d11      100%        5
 Summon Forest            Summ/Tloc      0%         N/A       100%        5
 Yara's Violent Unravell  Hex/Tmut       0%         3d3       100%        5
 Enfeeble                 Hex            0%         N/A       100%        7
 Monstrous Menagerie      Summ           0%         N/A       100%        7
 Orb of Destruction       Conj           0%         9d5       100%        7
 Spellforged Servitor     Conj/Summ      0%         N/A       100%        7
 Discord                  Hex            0%         N/A       100%        8
 Ignition                 Fire           0%         3d3       100%        8
 Summon Horrible Things   Summ           0%         N/A       100%        8


Dungeon Overview and Level Annotations

Branches:
Dungeon (15/15)            Temple (1/1) D:5            Lair (0/5) D:9
    Orc (0/2) D:9          Vaults (0/5) D:14
 Depths: D:15

Altars:
Ashenzari
Cheibriados
Dithmenos
Fedhas
Gozag
Hepliaklqana
Kikubaaqudgha
Makhleb
Nemelex Xobeh
Okawaru
Qazlal
Ru
Sif Muna
Trog
Uskayaw
Vehumet
Wu Jian
Xom
Yredelemnul

Shops:
D:2 :   D:3 ?   D:8 *

Portals:
Trove: D:10 (give +3 gold dragon scales)


Innate Abilities, Weirdness & Mutations

Your life essence is reduced to manifest your ancestor. (-10% HP)
You have a pair of large horns on your head.
You are mostly covered in rugged brown scales. (AC +2, +5% HP)
A weak demonic guardian rushes to your aid.


Message History

The necromancer binds the souls of nearby monsters.
The phantasmal warrior hits you!!
Your willpower is stripped away!
You hit the phantasmal warrior but do no damage.
The phantasmal warrior is severely damaged.
Qitarah hits the juggernaut skeleton but does no damage.
You barely miss the phantasmal warrior.
The phantasmal warrior is severely damaged.
Qitarah gestures at the juggernaut skeleton while chanting.
The juggernaut skeleton resists with some effort.
The necromancer gestures at you while chanting.
Your body is wracked with pain!
You block the phantasmal warrior's attack.
You hit the phantasmal warrior but do no damage.
The phantasmal warrior is severely damaged.
The juggernaut skeleton seems less confused.
Qitarah hits the juggernaut skeleton but does no damage.
You block the phantasmal warrior's attack.
Unknown command.
You hit the phantasmal warrior but do no damage.
You headbutt the phantasmal warrior, but do no damage.
The phantasmal warrior is severely damaged.
The juggernaut skeleton hits Qitarah!!!
Qitarah is destroyed!
The phantasmal warrior hits you!!
* * * LOW HITPOINT WARNING * * *
A demonic guardian appears!
The necromancer gestures at you while chanting.
The bolt of negative energy misses you.
You feel much better. The phantasmal warrior hits you!!
* * * LOW HITPOINT WARNING * * *
The necromancer closely misses you.
Your orange demon stings the necromancer but does no damage.
Your orange demon misses the necromancer.
You closely miss the phantasmal warrior.
Your headbutt misses the phantasmal warrior.
The phantasmal warrior is severely damaged.
You barely miss the phantasmal warrior.
The phantasmal warrior is severely damaged.
The necromancer misses you. The phantasmal warrior hits you!!
You die...

###+###...#
#.........#...#
#.........#...#
#.........#...#
......
#......(..#...#
....88. .
#.........#...#
p.8...8 .
#######...#...#
....... .
#...#...# .......
.
#.....W@###'#....8
.
#.......p.........
.
+......4.........P
.
#..........Z......
.
#.......######...8
. .........# .P.
..........# .. .
..##+##...# . ##
#...# .


You could see a phantasmal warrior, a necromancer (ally target), a juggernaut
skeleton (slow) and a friendly orange demon (summoned).

Vanquished Creatures
  Gastronok (D:8)
  Fannar (D:11)
  3 vault guards (D:14)
  2 hydras
  3 centaur warriors
  A boulder beetle (D:11)
  A catoblepas (D:14)
  2 tengu warriors
  A deep troll (shapeshifter) (D:14)
  A skeletal warrior (D:14)
  A wizard (D:14)
  6 ugly things
  2 manticores
  2 cyclopes
  6 slime creatures
  An unseen horror (D:10)
  3 gargoyles
  3 kobold demonologists
  A freezing wraith (D:14)
  An efreet (D:14)
  A yaktaur (D:15)
  A tengu conjurer (D:8)
  3 trolls
  2 meliai (D:14)
  2 hornets (D:9)
  Prince Ribbit (D:8)
  2 dream sheep (D:10)
  A wyvern (D:7)
  2 yaks (D:8)
  5 vampires
  Eustachio (D:4)
  A basilisk (D:15)
  A steam dragon (D:9)
  4 vampire mosquitoes
  3 acid dragons
  A water moccasin (D:7)
  An ice beast (D:6)
  3 orc warriors
  3 black bears
  2 sky beasts
  2 ogres
  5 centaurs
  4 phantoms
  7 kobold brigands
  7 bullfrogs
  3 gnoll sergeants
  4 scorpions
  7 wights
  6 howler monkeys
  A hexer (D:14)
  2 sleepcaps
  5 orc priests
  A gnoll bouda (D:8)
  3 hounds
  3 jellies
  Ijyb (D:4)
  3 iguanas
  Natasha (D:3)
  13 orc wizards
  Robin (D:4)
  12 gnolls
  9 adders
  2 shadow imps (D:8)
  2 white imps
  A dart slug (D:4)
  2 worms
  51 orcs
  5 ball pythons
  3 bats
  9 endoplasms
  3 giant cockroaches
  15 goblins
  8 hobgoblins
  3 jackals
  7 kobolds
  2 quokkas (D:5)
  5 frilled lizards
  5 rats
305 creatures vanquished.

Vanquished Creatures (collateral kills)
  2 hydras
  A vault guard (D:14)
  2 centaur warriors
  A two-headed ogre (D:11)
  A skeletal warrior (D:15)
  A deep elf pyromancer (D:12)
  A sphinx skeleton (D:15)
  A manticore (D:12)
  5 slime creatures (D:13)
  2 trolls (D:11)
  A meliai (D:14)
  A jumping spider (shapeshifter) (D:14)
  4 vampire mosquitoes
  2 acid dragons (D:12)
  An orc warrior (D:10)
  A centaur (D:9)
  A bullfrog (D:8)
  2 wights (D:9)
  4 howler monkeys
  3 orc priests
  2 orc wizards
  2 gnolls (D:11)
  3 orcs
  4 kobolds
48 creatures vanquished.

Vanquished Creatures (others)
  A wight (D:9)
  14 hexers
  6 ancestors
21 creatures vanquished.

Grand Total: 374 creatures vanquished

Notes
Turn   | Place    | Note
-------+----------+-------------------------------------------
     0 | D:1      | Demosthentine the Demonspawn Gladiator began the quest for
                  | the Orb.
     0 | D:1      | Reached XP level 1. HP: 16/16 MP: 1/1
   298 | D:1      | Gained mutation: You are partially covered in rugged brown
                  | scales. (AC +1, +3% HP) [demonic ancestry]
   298 | D:1      | Reached XP level 2. HP: 16/22 MP: 2/2
   517 | D:1      | You fall into a shaft and drop 1 floor!
   542 | D:2      | Reached skill level 1 in Armour
   542 | D:2      | Gained mutation: You are mostly covered in rugged brown
                  | scales. (AC +2, +5% HP) [demonic ancestry]
   542 | D:2      | Reached XP level 3. HP: 23/29 MP: 3/3
  1106 | D:2      | Found a faded altar of an unknown god.
  1147 | D:2      | Got the Commentary on Searing Invitation
  1165 | D:2      | Found Roimoehife's Book Shoppe.
  1470 | D:2      | Reached XP level 4. HP: 35/35 MP: 4/4
  2030 | D:3      | Found an iron altar of Okawaru.
  2110 | D:3      | Reached XP level 5. HP: 43/43 MP: 5/5
  2149 | D:3      | Found Seomo's Magic Scroll Shoppe.
  2152 | D:3      | Bought a scroll of blinking for 105 gold pieces
  2152 | D:3      | Bought a scroll of identify for 28 gold pieces
  2152 | D:3      | Bought a scroll of identify for 28 gold pieces
  2241 | D:3      | Noticed Natasha
  2247 | D:3      | Killed Natasha
  2414 | D:4      | Noticed a black bear
  2421 | D:3      | Killed a black bear
  2428 | D:4      | Reached XP level 6. HP: 37/49 MP: 6/6
  2520 | D:4      | Noticed Ijyb
  2632 | D:3      | Reached XP level 7. HP: 53/56 MP: 7/7
  2650 | D:4      | Killed Ijyb
  2885 | D:4      | Noticed Eustachio
  2899 | D:4      | Killed Eustachio
  2987 | D:4      | Noticed Robin
  2999 | D:4      | Killed Robin
  3375 | D:5      | Entered Level 5 of the Dungeon
  3480 | D:5      | Reached skill level 5 in Polearms
  3489 | D:5      | Reached skill level 5 in Fighting
  3489 | D:5      | Gained mutation: You have a pair of small horns on your
                  | head. [demonic ancestry]
  3489 | D:5      | Reached XP level 8. HP: 59/65 MP: 8/8
  3564 | D:5      | Reached skill level 5 in Dodging
  3963 | D:5      | Found a radiant altar of Vehumet.
  3988 | D:5      | Found a staircase to the Ecumenical Temple.
  4025 | Temple   | Entered the Ecumenical Temple
  4265 | Temple   | Became a worshipper of Hepliaklqana the Forgotten
  4307 | D:5      | Found a blossoming altar of Fedhas.
  4413 | D:5      | Found a sparkling altar of Nemelex Xobeh.
  4459 | D:5      | Identified the +0 helmet "Onej" {rElec Int+3}
  4567 | D:3      | Bought a scroll of identify for 28 gold pieces
  4839 | D:6      | Reached skill level 5 in Armour
  5267 | D:6      | Reached XP level 9. HP: 54/72 MP: 9/9
  6069 | D:7      | Reached * piety under Hepliaklqana
  6530 | D:8      | Noticed Prince Ribbit
  6546 | D:8      | Killed Prince Ribbit
  6672 | D:8      | Found a broken altar of Ashenzari.
  6676 | D:8      | Saw a vision of the Shoals and the Spider Nest.
  6676 | D:8      | Noticed a manticore
  6676 | D:8      | Noticed a manticore
  6676 | D:8      | Noticed a sea snake
  6676 | D:8      | Noticed a harpy
  6676 | D:8      | Noticed an entropy weaver
  6676 | D:8      | Noticed a torpor snail
  6676 | D:8      | Noticed a pharaoh ant
  6676 | D:8      | Noticed a moth of wrath
  6676 | D:8      | Noticed a boulder beetle
  6676 | D:8      | Noticed an orb spider
  6676 | D:8      | Noticed a radroach
  6676 | D:8      | Noticed a demonic crawler
  6677 | D:8      | Noticed a skyshark
  6677 | D:8      | Noticed a manticore
  6679 | D:8      | Noticed a steelbarb worm
  6679 | D:8      | Noticed a moth of wrath
  6701 | D:8      | Found Bios's Overcharged Wands.
  6914 | D:8      | Reached skill level 1 in Invocations
  7133 | D:8      | Noticed Gastronok
  7145 | D:8      | HP: 3/68 [Gastronok (29)]
  7157 | D:8      | Killed Gastronok
  7158 | D:8      | Gained mutation: You have a pair of horns on your head.
                  | [demonic ancestry]
  7158 | D:8      | Reached XP level 10. HP: 22/76 MP: 13/13
  7170 | D:8      | Identified the amulet "Ximareit" {RegenMP Str+5}
  7174 | D:8      | Noticed a seven-headed hydra
  7178 | D:8      | Identified the +12 long sword "Vevemmits" {elec, Will+
                  | Int+5}
  7178 | D:8      | Noticed a skeletal warrior
  7178 | D:8      | Identified the amulet of Karhoru {Regen+ Str+4 Int+2
                  | Stlth-}
  7178 | D:8      | Identified the +8 short sword "Hoduwk" {venom, Will++}
  7180 | D:8      | Noticed a centaur warrior
  7499 | D:8      | Noticed a gargoyle
  7508 | D:8      | Killed a gargoyle
  7509 | D:8      | Reached skill level 5 in Invocations
  7523 | D:8      | Killed a centaur warrior
  7767 | D:8      | Killed a seven-headed hydra
  7788 | D:8      | Got The Lost Testament of the Loreminder
  7975 | D:9      | Found a staircase to the Lair.
  8305 | D:9      | Gained mutation: A weak demonic guardian rushes to your
                  | aid. [demonic ancestry]
  8305 | D:9      | Reached XP level 11. HP: 65/82 MP: 16/16
  9133 | D:9      | Reached ** piety under Hepliaklqana
  9134 | D:9      | Remembered your ancestor Qitarah as a hexer
  9244 | D:9      | Found a staircase to the Orcish Mines.
  9315 | D:10     | Entered Level 10 of the Dungeon
  9805 | D:10     | Noticed a three-headed hydra
  9816 | D:10     | Killed a three-headed hydra
  9949 | D:10     | Found a portal to a secret trove of treasure.
 10911 | D:11     | Noticed Fannar
 10917 | D:11     | Killed Fannar
 11117 | D:11     | Noticed a two-headed ogre
 11122 | D:11     | Killed a two-headed ogre
 11493 | D:11     | Noticed a boulder beetle
 11508 | D:11     | Killed a boulder beetle
 11509 | D:11     | Reached skill level 10 in Fighting
 11550 | D:11     | Found Arro's Antique Weapon Emporium.
 11644 | D:12     | Noticed a deep elf pyromancer
 11650 | D:12     | Killed a deep elf pyromancer
 11655 | D:12     | Gained mutation: You have a pair of large horns on your
                  | head. [demonic ancestry]
 11655 | D:12     | Reached XP level 12. HP: 72/92 MP: 17/19
 12088 | D:12     | Reached *** piety under Hepliaklqana
 12123 | D:12     | Noticed a six-headed hydra
 12129 | D:12     | Killed a six-headed hydra
 12259 | D:12     | Reached skill level 10 in Invocations
 12932 | D:13     | Noticed a centaur warrior
 12951 | D:13     | Killed a centaur warrior
 13105 | D:13     | Reached skill level 10 in Polearms
 13105 | D:13     | Reached skill level 10 in Dodging
 14102 | D:13     | Noticed a centaur warrior
 14112 | D:13     | Killed a centaur warrior
 14186 | D:13     | Reached **** piety under Hepliaklqana
 14669 | D:14     | Noticed a catoblepas
 14669 | D:14     | Noticed a centaur warrior
 14678 | D:14     | Killed a catoblepas
 14684 | D:14     | Killed a centaur warrior
 14784 | D:14     | Found a gate to the Vaults.
 14784 | D:14     | Noticed a six-headed hydra
 14784 | D:14     | Noticed a centaur warrior
 14784 | D:14     | Noticed a vault guard
 14784 | D:14     | Noticed a vault guard
 14784 | D:14     | Noticed a vault guard
 14784 | D:14     | Noticed a vault guard
 14968 | D:14     | Killed a centaur warrior
 14999 | D:14     | Reached XP level 13. HP: 96/100 MP: 21/21
 15355 | D:15     | Entered Level 15 of the Dungeon
 15644 | D:15     | Upgraded the game from 0.30.0-3-ga4e48a9924 to
                  | 0.30.0-5-g1a98f26d00
 16059 | D:15     | Reached ***** piety under Hepliaklqana
 16103 | D:15     | Mangled by a phantasmal warrior

Illustrated notes

Levels and vault maps discovered:
D:1:      roderic_chinese_lattice_arrival, layout_loops_corners,
          bh_walls_and_bars
D:2:      layout_rooms, ebering_ecumenical_altar_sacrificial, serial_shops,
          nicolae_lakefront_shop
D:3:      minmay_chambers_of_twos, layout_loops_ring,
          mainiacjoe_overflow_tiny_flanked, serial_shops,
          nicolae_shop_rolled_up, chequers_garden, uniq_natasha
D:4:      layout_gridville, minmay_circle_x, uniq_eustachio, uniq_ijyb,
          uniq_robin
D:5:      layout_basic, mainiacjoe_overflow_alcove_1,
          nicolae_vehumet_altar_sigil, amcnicky_altar_gilded,
          minmay_temple_entry_glass, hangedman_abyss_or_decor_slice
D:6:      layout_loops_ring, nicolae_overflow_hidden_temple
D:7:      layout_loops_ring, elyvilon_altar_1, mainiacjoe_overflow_alcove_4
D:8:      minmay_the_grid_octo_tiled_squarecenter [minmay_the_grid_octo_focus,
          minmay_the_grid_octo_toaster, minmay_the_grid_octo_checkered,
          minmay_the_grid_octo_odd_swirl,
          minmay_the_grid_square_5x5_megaprize_crossed,
          minmay_the_grid_square_5x5_intrusive_squares,
          minmay_the_grid_square_5x5_v, minmay_the_grid_square_5x5_comb,
          minmay_the_grid_square_5x5_checkered], layout_loops_ring,
          grunt_ashenzari_visionary [grunt_ashenzari_visionary_shoals,
          grunt_ashenzari_visionary_spider], nicolae_shop_overcharged_wands,
          uniq_gastronok, uniq_prince_ribbit1
D:9:      layout_gridville, lair_entry_dummy, hiddenorc1_lemuel,
          grunt_decor_one_mirror, grunt_tough_drop
D:10:     layout_basic, enter_trove_3, hangedman_ranch
D:11:     layout_roguey, serial_shops, shop, uniq_fannar
D:12:     layout_stronghold, grunt_ministairs_6
D:13:     layout_basic
D:14:     layout_gridville, lightli_vaults_fourway_checkpoint,
          serial_bayou_shore_b, minmay_misc_feat_nine_boxes
D:15:     gammafunk_depths_entry_grave, layout_grid_maze,
          grunt_dithmenos_smoke_and_mirrors
Temple:   dpeg_chambers_temple

Skill      XL: |  1  2  3  4  5  6  7  8  9 10 11 12 13 |
---------------+----------------------------------------+-----
Polearms       | 3 4 5 6 7 8 9 10 11 | 11.3
Armour         | 1 2 3 4 5 6 |  6.0
Dodging        | 3 4 6 7 8 9 10 11 | 11.3
Fighting       | 3 4 5 6 7 8 10 11 12 | 12.1
Invocations    | 4 6 9 11 12 | 12.7
Throwing       | |  1.7

Action                     |  1- 3 |  4- 6 |  7- 9 | 10-12 | 13-15 || total
---------------------------+-------+-------+-------+-------+-------++-------
  Melee: Trident           |    88 |   116 |   381 |   637 |   189 ||  1411
         Punch             |       |       |     7 |     9 |     5 ||    21
         Headbutt          |       |       |    52 |   132 |    53 ||   237
  Throw: Throwing net      |     3 |       |     3 |     2 |     2 ||    10
 Invoke: Ancestor Life: He |       |       |       |     1 |       ||     1
         Recall Ancestor   |       |       |       |       |     1 ||     1
    Use: Scroll            |     6 |     6 |     6 |     8 |       ||    26
         Potion            |       |       |     2 |     4 |     4 ||    10
   Stab: Sleeping          |       |     6 |     7 |     5 |       ||    18
         Held in net/web   |       |       |     1 |     1 |     2 ||     4
         Distracted        |       |       |       |    16 |     7 ||    23
         Confused          |       |       |       |    15 |     1 ||    16
 Armour: Leather armour    |    17 |    24 |    68 |    60 |       ||   169
         Troll leather arm |       |       |       |    22 |    18 ||    40
  Dodge: Dodged            |    36 |    51 |   153 |   335 |    62 ||   637
  Block: Other             |       |    18 |    72 |   100 |    18 ||   208
         Reflection        |       |       |     4 |    10 |       ||    14
